[Event "Early-Titled-Tuesday-Blitz-June-18-2024"]
[Site "Chess.com"]
[Date "2024.06.18"]
[Round "11"]
[White "Juicy_Fork"]
[Black "viktorskliarov"]
[Result "1-0"]
[WhiteElo "2462"]
[BlackElo "2634"]
[TimeControl "180+1"]
[EndTime "10:07:13 PDT"]
[Termination "Juicy_Fork won by resignation"]

1. e4 c5 2. Nf3 Nc6 3. Bb5 e6 4.
Bxc6 bxc6 5. d3 Ne7 6. Nbd2 Ng6 7. h4 h5 8. e5 f6 9. Qe2 Kf7 10. Nc4 Ba6 11. Qe4 d5 12. exd6 Bxc4 13. dxc4 Qxd6 14.
Be3 Rd8 15. Ke2 Be7 16. g4 hxg4 17. Qxg4 Ne5 18. Nxe5+ Qxe5 19. Rhg1 f5 20. Qg6+ Kf8 21. f4 Qxb2 22. Qxe6 Qxc2+ 23. Kf3 Rxh4 24. Rh1 Rxh1 25.
Rxh1 Qe4+ 26. Qxe4 fxe4+ 27. Kxe4 Rb8 28. Rh8+ Kf7 29.
Rxb8 1-0

[Event "Early-Titled-Tuesday-Blitz-June-18-2024"]
[Site "Chess.com"]
[Date "2024.06.18"]
[Round "11"]
[White "RantomOpening"]
[Black "Acva-Alenok"]
[Result "1-0"]
[WhiteElo "2601"]
[BlackElo "2384"]
[TimeControl "180+1"]
[EndTime "10:07:14 PDT"]
[Termination "RantomOpening won by resignation"]

1. e4 c6 2. d4 d5 3. Nc3 dxe4 4. Nxe4 Bf5 5. Qf3 Bxe4 6. Qxe4 Nf6 7. Qd3 g6 8. Nf3 Bg7 9. g3 O-O 10. Bg2 Na6 11. c3 Qb6 12. O-O Rad8 13. b3 c5 14. Be3 Nd5 15. Bd2 cxd4 16. cxd4 Nab4 17. Qe4 e6 18.
Bg5 Rc8 19. a3 Nc2 20. Rac1 Nxd4 21. Nxd4 Bxd4 22. Rcd1 Bg7 23. Qh4 Qxb3 24. Rb1 Qc4 25. Qh3 b5 26. Rfc1 Qa4 27. Rxc8 Rxc8 28. Bxd5 Qc2 29. Rc1 Qxc1+ 30. Bxc1 Rxc1+ 31. Kg2 exd5 32. Qd7 Rd1 33. Qxa7 Bf8 34. Qb7 Rd3 35. Qxb5 Rxa3 36. Qxd5 Ra6 37. Qb7 Rf6 38. Qb2 Bg7 39. Qb8+ Bf8 40.
Qc7 h5 41. h3 Bg7 42. Qd8+ Bf8 43. Qxf6 1-0

[Event "Early-Titled-Tuesday-Blitz-June-18-2024"]
[Site "Chess.com"]
[Date "2024.06.18"]
[Round "11"]
[White "MarlonJodar"]
[Black "carloseduar100"]
[Result "1-0"]
[WhiteElo "2358"]
[BlackElo "2261"]
[TimeControl "180+1"]
[EndTime "10:07:14 PDT"]
[Termination "MarlonJodar won by checkmate"]

1. e4 e6 2. d4 d5 3. Nc3 Nf6 4. e5 Nfd7 5. f4 c5 6. Nf3 Nc6 7. Be3 Qb6 8. Qd2 Qxb2 9. Rb1 Qa3 10. Bb5 cxd4 11. Nxd4 Nxd4 12. Bxd4 b6 13. Bc6 Rb8 14. Nb5 Qxa2 15. O-O Bc5 16. Bxc5 bxc5 17. Nd6+ Ke7 18. Ra1 Qb2 19. Rxa7 Rd8 20. f5 Qxe5 21.
Nxf7 Qd4+ 22. Qxd4 cxd4 23. Nxd8 Kxd8 24. fxe6 Rb6 25.
Bxd7 Bxd7 26. exd7 Rd6 27. Rf8+ Ke7 28. Re8+ Kf6 29.
d8=Q+ Rxd8 30. Rxd8 Ke5 31. Re7+ Kf4 32. Rf8+ Kg5 33. Rxg7+ Kh6 34. Rgg8 d3 35. Rf3 d4 36.
Rh3# 1-0

[Event "Early-Titled-Tuesday-Blitz-June-18-2024"]
[Site "Chess.com"]
[Date "2024.06.18"]
[Round "11"]
[White "Roland_Garros_2024"]
[Black "ChEsper99"]
[Result "1-0"]
[WhiteElo "2209"]
[BlackElo "2230"]
[TimeControl "180+1"]
[EndTime "10:07:14 PDT"]
[Termination "Roland_Garros_2024 won on time"]

1. e4 e6 2. d4 d5 3. Nc3 dxe4 4. Nxe4 Nd7 5. Nf3 Ngf6 6. Bg5 Be7 7. Nxf6+ Nxf6 8.
Bd3 O-O 9. Qe2 Rb8 10. O-O-O Bd7 11. Ne5 h6 12. h4 Nd5 13. Bd2 Bc6 14. g4 Bd6 15. g5 Bxe5 16. dxe5 g6 17. h5 hxg5 18. hxg6 fxg6 19. Qg4 Qe7 20. Bxg5 Qf7 21. Qh4 Qg7 22. Bh6 Qf7 23. Bxf8 Kxf8 24. Qh8+ Qg8 25. Qh6+ Qg7 26. Qg5 Kf7 27. Rdg1 Rg8 28. Bxg6+ Kf8 29. Qd8+ 1-0

[Event "Early-Titled-Tuesday-Blitz-June-18-2024"]
[Site "Chess.com"]
[Date "2024.06.18"]
[Round "11"]
[White "Rsnr"]
[Black "ValentinDragnev"]
[Result "1/2-1/2"]
[WhiteElo "2896"]
[BlackElo "2725"]
[TimeControl "180+1"]
[EndTime "10:07:15 PDT"]
[Termination "Game drawn by agreement"]

1. d4 d5 2. c4 e6 3. Nf3 a6 4.
cxd5 exd5 5. Nc3 h6 6. Bf4 Nf6 7. e3 Bd6 8. Be5 O-O 9. Bd3 c6 10. h3 Re8 11. O-O Bxe5 12. Nxe5 c5 13. Bc2 cxd4 14.
Qxd4 Qe7 15. Nf3 Nc6 16. Nxd5 Nxd5 17. Qxd5 Qf6 18. Qd3 g6 19. Qc3 Qxc3 20. bxc3 Be6 21. Nd4 Rac8 22. Nxe6 Rxe6 23. Bb3 Re7 24. Rfd1 Na5 25.
Rd3 Rec7 26. Rc1 b5 27. Rc2 h5 28. Kh2 b4 29. cxb4 Rxc2 30. Bxc2 Rxc2 31. bxa5 Rxa2 32.
Rd8+ Kg7 33. Ra8 Rxa5 34. g4 hxg4 35. hxg4 g5 1/2-1/2

[Event "Early-Titled-Tuesday-Blitz-June-18-2024"]
[Site "Chess.com"]
[Date "2024.06.18"]
[Round "11"]
[White "unbreakablepawn35"]
[Black "BM223344"]
[Result "1-0"]
[WhiteElo "2428"]
[BlackElo "2560"]
[TimeControl "180+1"]
[EndTime "10:07:19 PDT"]
[Termination "unbreakablepawn35 won by resignation"]

1. c4 Nf6 2. Nc3 g6 3. d4 d6 4. e4 Bg7 5. Be2 O-O 6. Nf3 Nbd7 7. O-O e5 8. h3 c6 9. Be3 Qe7 10. Qd2 exd4 11. Bxd4 Rd8 12. Bd3 Nf8 13. Rfe1 Ne6 14. Be3 Nd7 15. Rad1 Ne5 16. Be2 b6 17. Bh6 Ba6 18.
b3 Qf6 19. Bxg7 Kxg7 20. Nd4 Nf4 21. Bf1 Qg5 22. g3 Nxh3+ 23. Bxh3 Qh5 24. Bg2 Ng4 25.
Nf3 h6 26. Ne2 g5 27. Ned4 Bb7 28. Nf5+ Kg8 29. Qc3 f6 30. Nxd6 Ba6 31. Nf5 Qf7 32.
Bh3 Qh5 33. Bxg4 Qxg4 34. Nxh6+ Kg7 35. Nxg4 1-0

[Event "Early-Titled-Tuesday-Blitz-June-18-2024"]
[Site "Chess.com"]
[Date "2024.06.18"]
[Round "11"]
[White "VerdeNotte"]
[Black "kleinebeer98"]
[Result "0-1"]
[WhiteElo "2870"]
[BlackElo "2978"]
[TimeControl "180+1"]
[EndTime "10:07:23 PDT"]
[Termination "kleinebeer98 won by checkmate"]

1. Nf3 Nc6 2. d4 d5 3. c4 Bg4 4. cxd5 Bxf3 5. gxf3 Qxd5 6. e3 e5 7. Nc3 Bb4 8. Bd2 Bxc3 9. bxc3 Qd6 10. Qb3 O-O-O 11.
Rb1 b6 12. Qxf7 Nge7 13. Be2 Rhf8 14. Qxg7 Kb8 15. Rd1 h5 16. Qg5 Rde8 17. dxe5 Nxe5 18. Bc1 Qc5 19. f4 Qc6 20. Rf1 Qxc3+ 21. Bd2 Nd3+ 22.
Bxd3 Qxd3 23. Bb4 Qe4 24. Bxe7 Rxe7 25. a3 Rfe8 26. Qd5 Qxf4 27. Rd3 Qxh2 28. Rh1 Qf4 29. Rxh5 Qg4 30. Rg5 Qh4 31. Rg8 a5 32. Ke2 Qa4 33.
Rxe8+ Rxe8 34. Kd2 Qh4 35. Qf7 Qh8 36. Rd4 Rf8 37.
Qd5 Rxf2+ 38. Kd3 Rf8 39. Ke2 Qh2+ 40. Kd3 Qb2 41. Qc4 Qxa3+ 42. Qc3 Qe7 43. Re4 Qh7 44. Qe5 Rf5 45. Qe8+ Kb7 46. Kc2 Rc5+ 47. Kd2 Qh2+ 48. Kd3 Qc2+ 49. Kd4 Qc3# 0-1

[Event "Early-Titled-Tuesday-Blitz-June-18-2024"]
[Site "Chess.com"]
[Date "2024.06.18"]
[Round "11"]
[White "KNVB"]
[Black "manitodeplomo"]
[Result "0-1"]
[WhiteElo "2806"]
[BlackElo "2674"]
[TimeControl "180+1"]
[EndTime "10:07:23 PDT"]
[Termination "manitodeplomo won on time"]

1. d4 d5 2. Bf4 c6 3. e3 Qb6 4.
Qc1 Nf6 5. c4 dxc4 6. Bxc4 Bg4 7. Nd2 e6 8. h3 Bh5 9. Ngf3 Be7 10. O-O O-O 11. Bd3 Rc8 12. a3 Bg6 13. Bxg6 hxg6 14. b4 Nbd7 15. Nc4 Qa6 16. Nd6 Bxd6 17. Bxd6 b6 18.
Rd1 c5 19. dxc5 bxc5 20. Bxc5 Nxc5 21. bxc5 Ne4 22. Qc2 Nxc5 23. Rac1 Qxa3 24. Rd4 Qa6 25. Rc4 Qxc4 26. Qxc4 a5 27. Ne5 a4 28. Ra1 Nb3 29.
Qe2 Nxa1 30. Qb2 Nc2 31. Qb7 Rf8 32. Nxf7 a3 33. Ng5 a2 34. Qe7 a1=Q+ 35. Kh2 Qf6 36.
f4 Qxe7 0-1

[Event "Early-Titled-Tuesday-Blitz-June-18-2024"]
[Site "Chess.com"]
[Date "2024.06.18"]
[Round "11"]
[White "GelmanAlexander"]
[Black "EdenDzung06"]
[Result "1-0"]
[WhiteElo "2662"]
[BlackElo "2458"]
[TimeControl "180+1"]
[EndTime "10:07:24 PDT"]
[Termination "GelmanAlexander won by resignation"]

1. c4 Nf6 2. e3 b6 3. Nf3 Bb7 4. Be2 e6 5. d3 Be7 6. b3 O-O 7.
Bb2 d5 8. Nbd2 c5 9. a3 Nbd7 10.
Qc2 Rc8 11. Rg1 Ne8 12. g4 Bf6 13. g5 Bxb2 14. Qxb2 Qe7 15. h4 e5 16. cxd5 Bxd5 17.
h5 f6 18. gxf6 Nexf6 19. h6 g6 20. Ng5 b5 21. Rc1 Nb6 22. Ngf3 e4 23. dxe4 Bxe4 24. Bxb5 Bxf3 25. Nxf3 Ne4 26. Be2 Rce8 27. Rg2 c4 28. bxc4 Na4 29. Qb4 Qd7 30. c5 Naxc5 31. Rxc5 Nxc5 32.
Qxc5 Rc8 33. Bc4+ Rf7 34. Bxf7+ Kxf7 35. Ne5+ Ke6 36. Nxd7 Kxd7 37. Qd5+ 1-0

[Event "Early-Titled-Tuesday-Blitz-June-18-2024"]
[Site "Chess.com"]
[Date "2024.06.18"]
[Round "11"]
[White "GeorgiosSouleidis"]
[Black "ploxoi"]
[Result "1/2-1/2"]
[WhiteElo "2702"]
[BlackElo "2515"]
[TimeControl "180+1"]
[EndTime "10:07:25 PDT"]
[Termination "Game drawn by repetition"]

1. e4 e6 2. d4 d5 3. Nc3 Bb4 4. Ne2 dxe4 5. a3 Bxc3+ 6. Nxc3 Nf6 7. Bg5 Nc6 8. Bb5 Bd7 9. Nxe4 h6 10. Nxf6+ gxf6 11.
Bh4 Rg8 12. O-O Qe7 13. d5 Ne5 14. Bxd7+ Qxd7 15. dxe6 Qxd1 16. exf7+ Kxf7 17. Rfxd1 Nf3+ 18. Kf1 Nxh4 19. Rd7+ Kg6 20. Rxc7 Rgc8 21. Rxc8 Rxc8 22. c3 Rc6 23. Rd1 Rb6 24. b4 Ra6 25. Ra1 Rc6 26.
Rc1 Nf5 27. Ke2 Nd4+ 28. Kd3 Nb5 29. a4 Nd6 30. c4 Nf5 31. c5 Ra6 32. Ra1 Re6 33.
b5 a6 34. Rc1 axb5 35. axb5 Ne7 36. Rc2 Kf7 37. Kd4 Ke8 38. Ra2 Nf5+ 39. Kd3 Re5 40.
Kc4 Re4+ 41. Kd5 Re5+ 42. Kc4 Re4+ 43. Kd5 Re5+ 44. Kc4 1/2-1/2

[Event "Early-Titled-Tuesday-Blitz-June-18-2024"]
[Site "Chess.com"]
[Date "2024.06.18"]
[Round "11"]
[White "LastGladiator1"]
[Black "c63_amg"]
[Result "1-0"]
[WhiteElo "2976"]
[BlackElo "2809"]
[TimeControl "180+1"]
[EndTime "10:07:26 PDT"]
[Termination "LastGladiator1 won on time"]

1. e4 c6 2. d4 d5 3. Nc3 dxe4 4. Nxe4 Nf6 5. Nxf6+ exf6 6. c3 Bd6 7. Bd3 Na6 8. Qh5 Nc7 9. Ne2 g6 10. Qh6 Bf8 11.
Qe3+ Be6 12. Nf4 Bd6 13. O-O O-O 14. Nxe6 Nxe6 15. Qf3 f5 16. g3 Re8 17. Bd2 Ng5 18. Qg2 Ne4 19. Be3 Nf6 20. Rfe1 Nd5 21. Bd2 Qf6 22.
a4 f4 23. a5 a6 24. b4 Kg7 25. Qf3 fxg3 26. Qxf6+ Nxf6 27. hxg3 Rxe1+ 28. Rxe1 Re8 29. Rxe8 Nxe8 30. c4 Nc7 31. Be4 f5 32. Bf3 Kf7 33. Kf1 h5 34. Ke2 Be7 35. Kd3 Ke6 36. Bf4 Bd6 37.
Bd2 Be7 38. Kc3 Bf6 39. Bf4 Kd7 40. Kd3 Ne6 41. Be3 h4 42. d5 cxd5 43. Bxd5 hxg3 44. fxg3 Nd8 45. b5 g5 46. Kc2 Be5 47. Bxb7 axb5 48. a6 1-0

[Event "Early-Titled-Tuesday-Blitz-June-18-2024"]
[Site "Chess.com"]
[Date "2024.06.18"]
[Round "11"]
[White "Szachulec75"]
[Black "IndianSchoolOfSuffering"]
[Result "0-1"]
[WhiteElo "2255"]
[BlackElo "2510"]
[TimeControl "180+1"]
[EndTime "10:07:26 PDT"]
[Termination "IndianSchoolOfSuffering won on time"]

1. Nf3 g6 2. g3 Bg7 3. Bg2 c6 4.
d3 d5 5. O-O Nf6 6. Nbd2 O-O 7.
e4 dxe4 8. dxe4 a5 9. a4 Na6 10. c3 Nc5 11. Qc2 Qc7 12. Re1 e5 13. Nc4 Nfd7 14. Be3 Re8 15. Red1 Bf8 16. h3 b6 17. b4 axb4 18. cxb4 Ne6 19. Qb3 c5 20. b5 Nd4 21.
Bxd4 cxd4 22. Rdc1 Nc5 23. Qb1 f6 24. a5 bxa5 25.
b6 Qf7 26. Rxa5 Bb7 27. Nfd2 h5 28. Qb5 Rxa5 29. Nxa5 Ba6 30. Qc6 Rc8 31. Qd5 Qxd5 32. exd5 Rb8 33. Rb1 Bd3 34. Nc6 Rb7 0-1

[Event "Early-Titled-Tuesday-Blitz-June-18-2024"]
[Site "Chess.com"]
[Date "2024.06.18"]
[Round "11"]
[White "micke12a"]
[Black "Barboval"]
[Result "0-1"]
[WhiteElo "2385"]
[BlackElo "2530"]
[TimeControl "180+1"]
[EndTime "10:07:27 PDT"]
[Termination "Barboval won by resignation"]

1. e4 Nf6 2. e5 Nd5 3. d4 d6 4.
c4 Nb6 5. exd6 exd6 6. Nf3 Nc6 7.
h3 Bf5 8. Bd3 Bxd3 9. Qxd3 Be7 10. Nc3 O-O 11. O-O Bf6 12. a3 d5 13. c5 Nc8 14. b4 a6 15. Bf4 N8e7 16. Rab1 Qd7 17. a4 Nf5 18. Ne2 Rfe8 19. b5 axb5 20. axb5 Na5 21. Be5 Nc4 22. Bxf6 gxf6 23. Nf4 Ra3 24. Rb3 Rxb3 25. Qxb3 Ra8 26. Nh5 Kh8 27. Nxf6 Qe6 28. Ng4 Ra3 29. Qc2 Rxf3 30. gxf3 h5 31. Ne3 Nxd4 32. Qd1 Nd2 33. f4 N4f3+ 34. Kg2 Qe4 35. Qc2 Ne1+ 36. Kg3 Nxc2 0-1

[Event "Early-Titled-Tuesday-Blitz-June-18-2024"]
[Site "Chess.com"]
[Date "2024.06.18"]
[Round "11"]
[White "ejalmedina"]
[Black "sanbruh"]
[Result "1/2-1/2"]
[WhiteElo "2333"]
[BlackElo "2436"]
[TimeControl "180+1"]
[EndTime "10:07:27 PDT"]
[Termination "Game drawn by repetition"]

1. d4 d6 2. e4 Nf6 3. Nc3 g6 4. Bg5 Bg7 5. e5 Ng8 6. Nf3 h6 7. Bf4 Bg4 8. h3 Bf5 9. Bc4 c6 10. exd6 exd6 11. O-O Ne7 12. d5 b5 13. Bxb5 cxb5 14.
Nxb5 O-O 15. Bxd6 Bxb2 16. Rb1 Bg7 17. Bxe7 Qxe7 18. d6 Qe4 19. Nc7 Nd7 20. Nxa8 Qxa8 21. Nd4 Be4 22. f3 Bxd4+ 23. Qxd4 Bxc2 24. Rb2 Bf5 25. Rc1 a5 26. Rc7 Qa6 27. Rbb7 Rd8 28. Qa7 Qe2 29.
Rxd7 Qe1+ 30. Kh2 Qe5+ 31. Kg1 Qe1+ 32. Kh2 Qe5+ 33. Kg1 Qe1+ 1/2-1/2

[Event "Early-Titled-Tuesday-Blitz-June-18-2024"]
[Site "Chess.com"]
[Date "2024.06.18"]
[Round "11"]
[White "Heliosis11"]
[Black "unkiyto"]
[Result "1/2-1/2"]
[WhiteElo "2464"]
[BlackElo "2660"]
[TimeControl "180+1"]
[EndTime "10:07:28 PDT"]
[Termination "Game drawn by repetition"]

1. d4 Nf6 2. c4 g6 3. Nf3 Bg7 4. g3 O-O 5. Bg2 c6 6. O-O d5 7.
Nc3 dxc4 8. a4 Be6 9. e4 Nbd7 10. Ng5 Qc7 11. Nxe6 fxe6 12. Bh3 e5 13. d5 Nc5 14. Bg2 Nd3 15. b3 Nxc1 16. Rxc1 cxb3 17. Qxb3 Kh8 18. dxc6 Qxc6 19. Nd5 Qd6 20. Qxb7 Nxd5 21. exd5 e4 22. Bxe4 Bd4 23. Rc6 Qa3 24. Re6 Qa2 25. Rxe7 Rxf2 26. Rxh7+ Kg8 27. Rg7+ Kh8 28. Rh7+ Kg8 29. Rg7+ Kh8 30.
Rh7+ 1/2-1/2

[Event "Early-Titled-Tuesday-Blitz-June-18-2024"]
[Site "Chess.com"]
[Date "2024.06.18"]
[Round "11"]
[White "Rodalquilar"]
[Black "FairChess_on_YouTube"]
[Result "0-1"]
[WhiteElo "2824"]
[BlackElo "3097"]
[TimeControl "180+1"]
[EndTime "10:07:30 PDT"]
[Termination "FairChess_on_YouTube won on time"]

1. d4 f5 2. Nf3 Nf6 3. g3 g6 4.
Bg2 Bg7 5. O-O O-O 6. Nbd2 Nc6 7. Re1 d5 8. c3 Ne4 9. Qb3 Kh8 10. a4 a5 11. Nf1 b6 12. Bf4 Ba6 13. Ne5 Nxe5 14.
Bxe5 Bxe5 15. dxe5 e6 16. Qc2 Qe7 17. f3 Nc5 18. b4 Nd7 19. f4 axb4 20. cxb4 Qxb4 21. Qxc7 Qc5+ 22. Qxc5 Nxc5 23. Nd2 Rfb8 24. Nf3 Nb3 25. Ra3 Bc4 26. Ng5 b5 27. Nxe6 Rxa4 28. Rxa4 bxa4 29.
Nc7 a3 30. e6 Kg7 31. e7 Kf7 32. Bxd5+ Bxd5 33. Nxd5 a2 0-1

[Event "Early-Titled-Tuesday-Blitz-June-18-2024"]
[Site "Chess.com"]
[Date "2024.06.18"]
[Round "11"]
[White "CFalcons8"]
[Black "nitpicker"]
[Result "0-1"]
[WhiteElo "2428"]
[BlackElo "2348"]
[TimeControl "180+1"]
[EndTime "10:07:30 PDT"]
[Termination "nitpicker won by checkmate"]

1. d4 Nf6 2. Nf3 d5 3. c4 e6 4. g3 Bb4+ 5. Bd2 Be7 6. Bg2 O-O 7. O-O c6 8. Qc2 b6 9. b3 Nbd7 10. Nc3 Ba6 11. Ne5 Nxe5 12. dxe5 Ng4 13. cxd5 cxd5 14. Bf4 g5 15. h3 gxf4 16. hxg4 Rc8 17. Qb2 fxg3 18.
fxg3 Bc5+ 19. Kh2 Qg5 20. Bxd5 Qxe5 21. Qd2 Bb4 22. Be4 Bxc3 23. Qh6 Qxe4 24. Rac1 Bg7 25. Qg5 Qxe2+ 26. Kh3 Bb7 27. Rg1 Rxc1 28. Qxc1 Be4 29.
Qf4 Qf3 30. Qd2 h5 31. gxh5 Qxh5# 0-1

[Event "Early-Titled-Tuesday-Blitz-June-18-2024"]
[Site "Chess.com"]
[Date "2024.06.18"]
[Round "11"]
[White "Zampronha1971"]
[Black "ningyzhou"]
[Result "1-0"]
[WhiteElo "2410"]
[BlackElo "2160"]
[TimeControl "180+1"]
[EndTime "10:07:30 PDT"]
[Termination "Zampronha1971 won by resignation"]

1. e4 e5 2. Nf3 Nc6 3. d4 exd4 4. Nxd4 Nf6 5. Nxc6 bxc6 6. e5 Qe7 7. Qe2 Nd5 8. c4 Nb6 9. Nc3 Qe6 10. Qe4 d5 11.
exd6 cxd6 12. Bd3 d5 13. cxd5 cxd5 14. Qxe6+ fxe6 15. O-O Be7 16. Nb5 O-O 17. Re1 Bd8 18. Nd6 Bd7 19. Bb5 Bxb5 20. Nxb5 Rf6 21. Nd4 Kf7 22. Bg5 Rg6 23. Bxd8 Rxd8 24. Rac1 Rf6 25. Nc6 Ra8 26. Ne5+ Kg8 27. Rc7 Raf8 28. f3 a5 29. b3 Rb8 30. Nc6 Re8 31. Rb7 Nc8 32. Nxa5 e5 33.
Rb8 Rfe6 34. Rc1 Nd6 35. Rxe8+ Rxe8 36. Nc6 e4 37. Kf2 e3+ 38. Ke2 Nf5 39. g4 Nh4 40. Rd1 Ng6 41. Rd4 Re6 42. Nb4 Re5 43. a4 Ne7 44. a5 g5 45. a6 Ng6 46. a7 Re8 47.
Nxd5 1-0

[Event "Early-Titled-Tuesday-Blitz-June-18-2024"]
[Site "Chess.com"]
[Date "2024.06.18"]
[Round "11"]
[White "Nicolik"]
[Black "Aradhya2000"]
[Result "1-0"]
[WhiteElo "2659"]
[BlackElo "2797"]
[TimeControl "180+1"]
[EndTime "10:07:31 PDT"]
[Termination "Nicolik won by checkmate"]

1. d4 d5 2. Nc3 Nf6 3. Bf4 c5 4. e3 Bg4 5. f3 Bd7 6. g4 e6 7. Nge2 Nc6 8. a3 a6 9. h4 h6 10.
Bg3 Rc8 11. Bg2 b5 12. Nf4 Qb6 13. Nce2 Be7 14. c3 g6 15. Kf2 c4 16. g5 Ng8 17. h5 hxg5 18. hxg6 Rxh1 19. gxf7+ Kxf7 20. Qxh1 gxf4 21. Qh7+ Kf8 22. Nxf4 Nf6 23. Ng6+ Ke8 24. Qg7 Kd8 25. Nxe7 Nxe7 26. Qxf6 a5 27. Rh1 Be8 28. Rh7 Qb7 29. Bd6 Rc7 30. Qxe6 Rd7 31. Bh3 Qc6 32. Bxe7+ Kc7 33. Qxc6+ Kxc6 34. Bxd7+ Kxd7 35. Bb4+ Kc6 36. Bxa5 Bd7 37. Rxd7 Kxd7 38. e4 Ke6 39. Ke3 Kd6 40. Kf4 Ke6 41. e5 Ke7 42. Kf5 Kf7 43. e6+ Kg7 44. Ke5 Kf8 45. f4 Ke7 46. f5 Ke8 47. f6 Kf8 48. Kf5 Kg8 49. Kg6 Kh8 50. e7 Kg8 51. e8=Q# 1-0

[Event "Early-Titled-Tuesday-Blitz-June-18-2024"]
[Site "Chess.com"]
[Date "2024.06.18"]
[Round "11"]
[White "K_A_S_T_O_R"]
[Black "yaguigor"]
[Result "0-1"]
[WhiteElo "2829"]
[BlackElo "2649"]
[TimeControl "180+1"]
[EndTime "10:07:32 PDT"]
[Termination "yaguigor won by resignation"]

1. e4 e5 2. Nf3 Nc6 3. Bb5 a6 4. Ba4 Nf6 5. O-O Be7 6. Re1 b5 7.
Bb3 d6 8. c3 O-O 9. h3 Na5 10.
Bc2 c5 11. d4 Nd7 12. Kh1 exd4 13. cxd4 Nc6 14. Nc3 cxd4 15. Nxd4 Nxd4 16. Qxd4 Bb7 17. Bf4 Nc5 18. Bg3 Rc8 19. Rad1 Ne6 20. Qd2 b4 21. Na4 Bg5 22. Qe2 Bf4 23. Bb3 Bxg3 24. fxg3 Qg5 25.
Bd5 Bxd5 26. exd5 Nc5 27. Nxc5 Rxc5 28. Qf3 Rfc8 29. Re2 h5 30. h4 Qg6 31. Kh2 Rc2 32. Rde1 Rxe2 33. Rxe2 a5 34. Rf2 Rc2 35. b3 Rxf2 36. Qxf2 Qd3 37. Qf3 Qxf3 38. gxf3 Kf8 39. g4 Ke7 40. Kg3 Kf6 41. Kf4 hxg4 42.
fxg4 g5+ 43. hxg5+ Kg6 44. Kf3 Kxg5 45. Kg3 f5 46.
gxf5 Kxf5 47. Kf3 Ke5 48. Ke3 Kxd5 49. Kd3 Ke5 0-1

[Event "Early-Titled-Tuesday-Blitz-June-18-2024"]
[Site "Chess.com"]
[Date "2024.06.18"]
[Round "11"]
[White "CristianS27"]
[Black "Herzog2012"]
[Result "1-0"]
[WhiteElo "2502"]
[BlackElo "2606"]
[TimeControl "180+1"]
[EndTime "10:07:33 PDT"]
[Termination "CristianS27 won on time"]

1. e4 c5 2. Nf3 d6 3. d4 cxd4 4.
Nxd4 Nf6 5. Nc3 Nc6 6. Be3 e5 7.
Nf3 h6 8. Bc4 Be6 9. Bb3 Be7 10.
O-O O-O 11. Qe2 a6 12. Rfd1 Rc8 13. Nh4 Qd7 14. Rac1 Kh7 15. h3 Na5 16. Qf3 Nxb3 17.
axb3 b5 18. Nf5 Bxf5 19. exf5 b4 20. Nd5 Nxd5 21. Rxd5 Rc7 22. Qe4 Kg8 23. Rcd1 Qc6 24. R1d2 Qb7 25. Qg4 Kh7 26. f6 Bxf6 27. Rxd6 Rc6 28.
Qe4+ Kg8 29. Qxc6 1-0

[Event "Early-Titled-Tuesday-Blitz-June-18-2024"]
[Site "Chess.com"]
[Date "2024.06.18"]
[Round "11"]
[White "topce"]
[Black "FredddieCroderg"]
[Result "1-0"]
[WhiteElo "2521"]
[BlackElo "2333"]
[TimeControl "180+1"]
[EndTime "10:07:33 PDT"]
[Termination "topce won by resignation"]

1. e4 c6 2. d4 d5 3. e5 Be6 4.
Ne2 Qc8 5. Nf4 Bf5 6. c4 dxc4 7. Bxc4 e6 8. Nc3 Ne7 9. g4 Bg6 10. h4 Nd5 11. h5 Nxc3 12. bxc3 Be4 13. f3 Bd5 14. Bd3 c5 15. Nxd5 exd5 16. Bf5 Qc7 17. Qa4+ Nc6 18. Rb1 Be7 19. Qb5 cxd4 20. cxd4 O-O 21.
Qxb7 Qa5+ 22. Bd2 Qa4 23. Bd7 Rab8 24. Qxb8 Rxb8 25. Rxb8+ Bf8 26. Bxc6 Qxc6 27. Bb4 h6 28.
Rxf8+ Kh7 29. O-O Qc4 30. Bc5 Qxa2 31. Rxf7 Qe2 32. Rf2 Qe3 33. Rxa7 Qd3 34. Kg2 Qe3 35. Rd7 Qd3 36. Rxd5 Qe3 37. Rd7 Kg8 38. Re7 Qd3 39. e6 Qe3 40. Re8+ Kh7 41. e7 g5 42. hxg6+ Kxg6 43.
Rf8 1-0

[Event "Early-Titled-Tuesday-Blitz-June-18-2024"]
[Site "Chess.com"]
[Date "2024.06.18"]
[Round "11"]
[White "Brown_Bear_MGL"]
[Black "HamedWafa4"]
[Result "0-1"]
[WhiteElo "2511"]
[BlackElo "2673"]
[TimeControl "180+1"]
[EndTime "10:07:36 PDT"]
[Termination "HamedWafa4 won by resignation"]

1. b3 e5 2. Bb2 Nc6 3. c4 Nf6 4. e3 d5 5. cxd5 Nxd5 6. a3 Bd6 7. d3 O-O 8. Nf3 f5 9. Nbd2 Kh8 10. g3 Qe8 11. Bg2 f4 12. exf4 exf4+ 13. Ne4 Bg4 14.
O-O fxg3 15. hxg3 Be5 16. d4 Bxd4 17. Nxd4 Bxd1 18. Raxd1 Nxd4 19. Rxd4 Rd8 20. Rfd1 c6 21. Ng5 Qg6 22. Nf3 Rde8 23. R4d2 Qg4 24. Ne5 Qf5 25. Bxd5 cxd5 26. f4 Rd8 27. Bd4 Qh5 28. Kg2 Qf5 29. Re2 Rc8 30. Rdd2 Rc1 31. Nf3 Qh5 32.
Nh4 Qg4 33. Re7 Rg8 34. Rde2 Rcc8 35. Rxb7 Qxe2+ 0-1

[Event "Early-Titled-Tuesday-Blitz-June-18-2024"]
[Site "Chess.com"]
[Date "2024.06.18"]
[Round "11"]
[White "Bkmzzzzz"]
[Black "Gyulamiryan-koryun"]
[Result "0-1"]
[WhiteElo "2376"]
[BlackElo "1664"]
[TimeControl "180+1"]
[EndTime "10:07:36 PDT"]
[Termination "Gyulamiryan-koryun won on time"]

1. e4 c5 2. Nf3 d6 3. d4 cxd4 4. Qxd4 Nf6 5. Nc3 a6 6. Be3 Nc6 7. Qb6 Bd7 8. O-O-O Qxb6 9. Bxb6 g6 10. Bc4 Bg7 11.
Rhe1 O-O 12. e5 dxe5 13. Nxe5 Nxe5 14. Rxe5 Bc6 15. Rxe7 Bxg2 16. Nd5 Rac8 17. b3 Rfe8 18. Rxb7 Bf3 19. Rd3 Re1+ 20. Kd2 Rd1+ 21. Ke3 Rxd3+ 22. cxd3 Bxd5 23. Bxd5 Nxd5+ 24. Ke4 Nc3+ 25. Kf3 Nxa2 26. Be3 a5 27. Ra7 Nb4 28. d4 Nc6 29. Ra6 Nxd4+ 30.
Ke4 Nxb3 31. Rb6 Nc5+ 32. Kd5 Ne6 33. Ra6 Bc3 34. Ra7 Bb4 35. Bh6 Bf8 0-1

[Event "Early-Titled-Tuesday-Blitz-June-18-2024"]
[Site "Chess.com"]
[Date "2024.06.18"]
[Round "11"]
[White "Manukyan_Artak"]
[Black "MANOJ_MISHRA123"]
[Result "1-0"]
[WhiteElo "2503"]
[BlackElo "2228"]
[TimeControl "180+1"]
[EndTime "10:07:37 PDT"]
[Termination "Manukyan_Artak won on time"]

1. e4 Nf6 2. Nc3 d5 3. exd5 Nxd5 4. Bc4 c6 5. Qf3 Nf6 6. h3 Nbd7 7. d4 Nb6 8. Bb3 Nbd5 9. Nge2 g6 10. g4 h6 11. Bd2 Bg7 12. O-O-O a5 13. Nxd5 Nxd5 14. c4 Nb4 15. Kb1 a4 16. Bxb4 axb3 17. axb3 O-O 18.
Nc3 Qb6 19. Bxe7 Re8 20. Na4 Rxa4 21. Bc5 Qa5 22. bxa4 Qxa4 23. Rhe1 Be6 24. d5 cxd5 25. cxd5 Ra8 26. Qa3 Qxa3 27. Bxa3 Bd7 28. Re7 Ba4 29. Rc1 b5 30. Rcc7 Rb8 31. Rxf7 Be5 32. Rb7 Rc8 33. Bb4 Bc2+ 34. Ka2 Ra8+ 35. Ra7 1-0

[Event "Early-Titled-Tuesday-Blitz-June-18-2024"]
[Site "Chess.com"]
[Date "2024.06.18"]
[Round "11"]
[White "Adrian-thorsen"]
[Black "mortngabriel"]
[Result "0-1"]
[WhiteElo "2321"]
[BlackElo "2475"]
[TimeControl "180+1"]
[EndTime "10:07:39 PDT"]
[Termination "mortngabriel won by resignation"]

1. e4 c5 2. Nf3 a6 3. c3 d5 4.
exd5 Qxd5 5. d4 e6 6. Be2 Nf6 7. O-O Nbd7 8. Bf4 cxd4 9. cxd4 Be7 10. Nc3 Qa5 11. Rc1 O-O 12. Bd3 b5 13. a3 Bb7 14.
Qe2 Rac8 15. Ne4 Nxe4 16. Bxe4 Bxe4 17. Qxe4 Nf6 18. Qd3 Nd5 19. Bd2 Qa4 20. Ne5 Bd6 21.
b3 Qxa3 22. Ra1 Qb2 23. Rxa6 Bxe5 24. dxe5 b4 25. Ra4 Rfd8 26. f4 Nb6 27. Qe3 Nxa4 28. Bxb4 Qd4 29. Qxd4 Rxd4 30. Bd6 Nc3 31. f5 Ne4 32.
fxe6 Nxd6 33. exd6 fxe6 0-1